Cogmind - Beta 15 @@@ ROGUE MODE // 2025.08.25 @ 18:51:48 Player: WitherScout Result: Destroyed by S-27 Virus with Autogun Performance ------------- Evolutions (6) 3000 Regions Visited (15) 3000 Robots Destroyed (23) 115 Value Destroyed (578) 578 Prototype IDs (13) 260 Alien Tech Used (0) 0 Bonus (671) 671 TOTAL SCORE: 7624 Bonus ------- Follower Combat Kills 371 Met Data Miner 300 Cogmind --------- Core Integrity 0/1150 Matter 201/300 Energy 99/100 System Corruption 5% Temperature Cool (0) Movement Core (50) Location -4/Extension Parts ------- > --- POWER (3) -------- (None) > --- PROPULSION (7) --- (None) > --- UTILITY (6) ------ Jamming Amplifier Jamming Amplifier Improved Reaction Control System > --- WEAPON (3) ------- (None) > --- INVENTORY (5) ---- Myomer Leg Recoil Stabilizer Improved Kinecellerator Improved Reaction Control System Improved Reaction Control System Peak State ------------ > --- POWER ------------ Light Angular Momentum Engine Antimatter Reactor > --- PROPULSION ------- Carbon-fiber Leg Carbon-fiber Leg Carbon-fiber Leg Flexi-carbon Leg Enhanced Flexi-carbon Leg > --- UTILITY ---------- Weight Redist. System Advanced ECM Suite Hacking Suite > --- WEAPON ----------- Heavy Pick > --- INVENTORY -------- Improved Deuterium Engine Improved Heat Sink Heavy Laser Mace [Rating: 48] Favorites ----------- Power Light Ion Engine Engine Light Ion Engine Power Core Light Nuclear Core Reactor Antimatter Reactor Propulsion Flight Unit Leg Carbon-fiber Leg Wheel Wheel Hover Unit Linear Gravjet Flight Unit Flight Unit Utility Hacking Suite Device Advanced ECM Suite Storage Medium Storage Unit Processor Core Analyzer Hackware Hacking Suite Weapon Light Assault Rifle Energy Gun Heavy Laser Ballistic Gun Light Assault Rifle Impact Weapon Mace Piercing Weapon Heavy Pick Build | -11 -10 -9 -9 -8 -7 -7 -7 -7 -6 -6 -6 -6 -5 -4 -4 ------- Run | Yrd Mat Mat Min Mat Fac Low Low Dat Pro Fac Low Low Fac Fac Ext Slots Evolved 12 | . . 2 . 2 2 . . . . 2 . . 2 2 . Power 2 | . . . . . 1 . . . . . . . . 1 . Propulsion 5 | . . 2 . 2 1 . . . . . . . . . . Utility 4 | . . . . . . . . . . 2 . . 2 . . Weapon 1 | . . . . . . . . . . . . . . 1 . Parts Attached 66 | 6 4 10 2 4 1 3 . . 14 10 1 . 4 5 2 Power 12 | 1 1 1 1 . 1 1 . . 3 3 . . . . . Engine 9 | 1 1 1 1 . 1 1 . . 1 2 . . . . . Core 1 | . . . . . . . . . 1 . . . . . . Reactor 2 | . . . . . . . . . 1 1 . . . . . Propulsion 24 | 2 2 4 . 4 . . . . 2 5 1 . . 4 . Treads . | . . . . . . . . . . . . . . . . Leg 8 | . . . . . . . . . 1 5 1 . . 1 . Wheel 2 | 2 . . . . . . . . . . . . . . . Hover 1 | . . . . . . . . . . . . . . 1 . Flight 13 | . 2 4 . 4 . . . . 1 . . . . 2 . Utility 17 | 1 . 4 1 . . 1 . . 3 1 . . 3 1 2 Device 9 | . . 1 1 . . 1 . . 2 . . . 3 1 . Storage 4 | 1 . 3 . . . . . . . . . . . . . Processor 3 | . . . . . . . . . . 1 . . . . 2 Hackware 1 | . . . . . . . . . 1 . . . . . . Protection . | . . . . . . . . . . . . . . . . Artifact . | . . . . . . . . . . . . . . . . Weapon 13 | 2 1 1 . . . 1 . . 6 1 . . 1 . . Energy Gun 1 | . . . . . . . . . 1 . . . . . . Energy Cannon . | . . . . . . . . . . . . . . . . Ballistic Gun 10 | 2 1 1 . . . 1 . . 4 . . . 1 . . Ballistic Cannon . | . . . . . . . . . . . . . . . . Launcher . | . . . . . . . . . . . . . . . . Special Weapon . | . . . . . . . . . . . . . . . . Impact Weapon 1 | . . . . . . . . . 1 . . . . . . Slashing Weapon . | . . . . . . . . . . . . . . . . Piercing Weapon 1 | . . . . . . . . . . 1 . . . . . Special Melee Weapon . | . . . . . . . . . . . . . . . . Unidentified Prototypes 2 | . . . . 1 . . . . . 1 . . . . . Parts Lost 40 | . . . . 1 . 3 . . 13 5 10 . . 8 . Power 7 | . . . . 1 . 2 . . . 2 2 . . . . Propulsion 20 | . . . . . . 1 . . 9 1 6 . . 3 . Utility 7 | . . . . . . . . . 1 2 2 . . 2 . Weapon 6 | . . . . . . . . . 3 . . . . 3 . Highest Loss Streak 7 | . . . . 1 . 3 . . 7 3 4 . . 5 . To Critical Strikes . | . . . . . . . . . . . . . . . . Average Backups 5 | . 2 5 9 9 9 10 10 10 7 3 3 3 2 4 5 Power . | . 1 1 2 1 . . . . . . . . . . . Propulsion . | . . 2 4 3 3 2 2 2 . . . . . . 1 Utility 2 | . . 1 . 1 4 5 5 5 4 1 1 1 1 2 4 Weapon 1 | . . 1 3 2 2 2 3 3 1 1 2 2 1 1 . Tool/Special . | . . . . . . . . . . . . . . . . Unused Backups 9 | . . 3 1 2 1 . . . . . . . . . 2 Power 1 | . . . 1 . . . . . . . . . . . . Propulsion . | . . . . . . . . . . . . . . . . Utility 6 | . . 3 . . 1 . . . . . . . . . 2 Weapon 2 | . . . . 2 . . . . . . . . . . . Tool/Special . | . . . . . . . . . . . . . . . . Average Slot Usage (%) 55 | . 73 83 100 98 92 89 92 92 55 56 50 . 14 5 11 Engine 5 | . 14 11 11 9 14 12 7 7 3 4 4 . . . . Reactor 2 | . . . . . . . . . 2 5 4 . . . . Leg 6 | . . . . . . . . . 2 14 23 . . . . Flight 16 | . 15 43 44 52 53 52 53 53 17 . . . . . . Device 5 | . . 1 11 9 . . 7 7 4 11 5 . 4 2 5 Storage 2 | . 5 5 11 9 7 7 7 7 3 . . . . . . Processor 1 | . . . . . . . . . . 3 . . . . 6 Hackware 2 | . . . . . . . . . 3 6 3 . . . . Ballistic Gun 7 | . 27 22 22 18 15 15 15 15 10 . . . 3 . . Piercing Weapon 1 | . . . . . . . . . . 5 6 . . . . Peak Build Rating 48 | 6 6 9 12 19 19 26 24 24 31 48 44 . 22 14 17 Average Rating 20 | 4 5 7 10 17 18 19 24 24 18 35 33 . 11 5 14 On Entrance 13 | . 6 5 9 12 18 19 24 24 24 16 44 . . 7 7 Naked Turns 128 | . . . . . . . . . . . 4 58 2 64 . Heaviest Build 32 | 13 13 17 20 20 19 24 24 24 32 32 32 . 13 8 2 Greatest Support 99 | 26 26 16 22 31 30 30 30 30 32 99 93 3 3 9 3 Greatest Overweight (x) 4 | . . 1 . . . . . . 1 1 1 . 4 2 . Average Overweight (x) . | . . . . . . . . . . . . . 2 . . Largest Inventory Capacity 10 | 8 8 10 10 10 10 10 10 10 10 5 5 5 5 5 5 Average Capacity 6 | 6 6 6 10 10 10 10 10 10 7 5 5 5 5 5 5 Most Carried 10 | 1 5 9 10 10 10 10 10 10 10 4 3 3 5 5 5 Average Carried 5 | . 2 6 9 9 9 9 10 10 7 3 3 3 2 4 5 Final Capacity 10 | 8 5 10 10 10 10 10 10 10 5 5 5 5 5 5 5 Final Carried 10 | 1 5 9 10 9 10 10 10 10 5 3 3 3 5 5 5 Class Distribution -------------------- 48% | Mutant 31% | Scavenger-Sprinter 20% | Scavenger-Mutant Dominant Class ---------------- Mutant | -10/Materials Scavenger-Sprinter | -9/Materials Scavenger-Sprinter | -9/Mines Scavenger-Sprinter | -8/Materials Scavenger-Sprinter | -7/Factory Scavenger-Sprinter | -7/Lower Caves Scavenger-Sprinter | -7/Lower Caves Scavenger-Sprinter | -7/Data Miner Scavenger-Mutant | -6/Proximity Caves Mutant | -6/Factory Scavenger-Mutant | -6/Lower Caves Mutant | -6/Lower Caves Mutant | -5/Factory Mutant | -4/Factory Mutant | -4/Extension Resources | -11 -10 -9 -9 -8 -7 -7 -7 -7 -6 -6 -6 -6 -5 -4 -4 ----------- Run | Yrd Mat Mat Min Mat Fac Low Low Dat Pro Fac Low Low Fac Fac Ext Matter Collected 1202 | 207 42 180 71 7 . 201 . . 281 140 43 . . 30 . Remotely . | . . . . . . . . . . . . . . . . Salvage Created 758 | . 42 249 . . . 119 . . 132 125 67 . . 24 . Parts 50 | . 4 18 . . . 4 . . 10 8 3 . . 3 . Haulers Intercepted . | . . . . . . . . . . . . . . . . Recyclers Shooed 2 | . . 1 . . . . . . . . . . . 1 . Parts Field Recycled . | . . . . . . . . . . . . . . . . Retrieved Matter . | . . . . . . . . . . . . . . . . Parts Self-Destructed 20 | . . . . . . 1 . . 13 . 6 . . . . Prevented . | . . . . . . . . . . . . . . . . Kills | -11 -10 -9 -9 -8 -7 -7 -7 -7 -6 -6 -6 -6 -5 -4 -4 ------- Run | Yrd Mat Mat Min Mat Fac Low Low Dat Pro Fac Low Low Fac Fac Ext Combat Hostiles Destroyed 20 | . 3 4 . . . 3 . . 6 2 1 . . 1 . Melee 3 | . . . . . . . . . . 2 1 . . . . Guns 17 | . 3 4 . . . 3 . . 6 . . . . 1 . Classes Destroyed 6 | . 1 1 . . . 1 . . . 2 1 . . . . Recycler 2 | . . 2 . . . . . . . . . . . . . Watcher 1 | . . . . . . . . . . 1 . . . . . Swarmer 16 | . 3 4 . . . 2 . . 6 . . . . 1 . Duelist 1 | . . . . . . . . . . . 1 . . . . Sentry 2 | . . . . . . 1 . . . 1 . . . . . Programmer 1 | . . . . . . . . . . 1 . . . . . Best Kill Streak 6 | . 3 6 . . . 3 . . 3 2 1 . . 1 . Combat Bots Only 4 | . 3 4 . . . 3 . . 3 1 1 . . 1 . Max Kills in Single Turn 2 | . 1 2 . . . 1 . . 1 1 1 . . 1 . Gunslinging 1 | . . 1 . . . . . . . . . . . . . Exploded . | . . . . . . . . . . . . . . . . Melee 1 | . . . . . . . . . . 1 1 . . . . Uniques/NPCs Destroyed . | . . . . . . . . . . . . . . . . Combat | -11 -10 -9 -9 -8 -7 -7 -7 -7 -6 -6 -6 -6 -5 -4 -4 -------- Run | Yrd Mat Mat Min Mat Fac Low Low Dat Pro Fac Low Low Fac Fac Ext Hostile Shots Fired 530 | . 9 11 1 18 9 69 . . 102 108 54 3 . 143 3 Missed 197 | . 4 3 . 9 6 35 . . 36 36 16 . . 51 1 Hits 333 | . 5 8 1 9 3 34 . . 66 72 38 3 . 92 2 Melee 7 | . . . . . . . . . . . 7 . . . . Projectile 326 | . 5 8 1 9 3 34 . . 66 72 31 3 . 92 2 Critical Strikes 8 | . . . . . . . . . 4 . 1 . . 3 . Damage Taken 5041 | . 40 62 10 139 22 329 . . 1125 798 857 84 . 1548 27 Core 2318 | . 10 . 10 32 16 51 . . 453 181 323 84 . 1131 27 Absorbed by Shields . | . . . . . . . . . . . . . . . . Core Remaining (%) 77 | 100 96 . 97 94 . . . . 25 . . 30 100 . . Volleys Fired 55 | . 6 10 . . . 13 . . 23 . . . . 3 . Largest 2 | . 2 2 . . . 2 . . 2 . . . . 1 . Hottest 97 | . 40 40 . . . 40 . . 97 . . . . 69 . Shots Fired 105 | . 10 20 . . . 26 . . 46 . . . . 3 . Gun 105 | . 10 20 . . . 26 . . 46 . . . . 3 . Cannon . | . . . . . . . . . . . . . . . . Launcher . | . . . . . . . . . . . . . . . . Special . | . . . . . . . . . . . . . . . . Kinetic 97 | . 10 20 . . . 26 . . 41 . . . . . . Thermal 8 | . . . . . . . . . 5 . . . . 3 . Explosive . | . . . . . . . . . . . . . . . . Electromagnetic . | . . . . . . . . . . . . . . . . Robot Hit Streak 6 | . 2 5 . . . 3 . . 6 . . . . 3 . Robot Miss Streak 6 | . 1 3 . . . 4 . . 6 . . . . 1 . Penetration Max . | . . . . . . . . . . . . . . . . Secondary Targets 4 | . . 2 . . . 1 . . 1 . . . . . . Max Gunslinging Chain 1 | . . 1 . . . 1 . . 1 . . . . . . Shots Hit Robots 78 | . 5 10 . . . 10 . . 31 12 7 . . 3 . Core Hits 52 | . 3 8 . . . 7 . . 24 4 3 . . 3 . Critical Kills . | . . . . . . . . . . . . . . . . Critical Parts Destroyed 2 | . . . . . . . . . 1 . . . . 1 . Critical Strikes 5 | . . . . . . . . . 1 1 1 . . 2 . Burn 1 | . . . . . . . . . . . . . . 1 . Destroy 1 | . . . . . . . . . 1 . . . . . . Smash 1 | . . . . . . . . . . . . . . 1 . Impale 2 | . . . . . . . . . . 1 1 . . . . Melee Attacks 27 | . . . . . . . . . . 16 9 . . 2 . Impact 2 | . . . . . . . . . . . . . . 2 . Slashing . | . . . . . . . . . . . . . . . . Piercing 25 | . . . . . . . . . . 16 9 . . . . Sneak Attacks . | . . . . . . . . . . . . . . . . Combat Hostiles . | . . . . . . . . . . . . . . . . Follow-up Attacks . | . . . . . . . . . . . . . . . . Damage Inflicted 1452 | . 45 114 . . 3 105 . . 467 396 182 . . 140 . Guns 787 | . 45 114 . . . 105 . . 467 . . . . 56 . Cannons . | . . . . . . . . . . . . . . . . Explosions . | . . . . . . . . . . . . . . . . Melee 615 | . . . . . . . . . . 396 182 . . 37 . Ramming 50 | . . . . . 3 . . . . . . . . 47 . Kinetic 676 | . 45 114 . . . 105 . . 412 . . . . . . Thermal 111 | . . . . . . . . . 55 . . . . 56 . Explosive . | . . . . . . . . . . . . . . . . Electromagnetic . | . . . . . . . . . . . . . . . . Impact 37 | . . . . . . . . . . . . . . 37 . Slashing . | . . . . . . . . . . . . . . . . Piercing 578 | . . . . . . . . . . 396 182 . . . . Highest Corruption 6 | . 2 . . 1 . . . . . 6 6 6 . 5 5 Average Corruption 4 | . 2 . . 1 . . . . . 4 6 6 . 4 5 Corruption Purged . | . . . . . . . . . . . . . . . . Corruption Blocked . | . . . . . . . . . . . . . . . . Effects 25 | . . . . 1 . . . . . 5 10 . . 2 7 Message Errors 7 | . . . . 1 . . . . . 3 1 . . 1 1 Matter Fused 6 | . . . . . . . . . . 1 3 . . 1 1 Heat Flow Errors 2 | . . . . . . . . . . . . . . . 2 Energy Discharges 3 | . . . . . . . . . . . 2 . . . 1 Parts Rejected 2 | . . . . . . . . . . 1 1 . . . . Data Loss (minor) 2 | . . . . . . . . . . . 1 . . . 1 Data Loss (major) 3 | . . . . . . . . . . . 2 . . . 1 Overload Shots . | . . . . . . . . . . . . . . . . Overflow Damage 82 | . . . . . . . . . . 45 . . . 37 . Projectiles . | . . . . . . . . . . . . . . . . Explosions . | . . . . . . . . . . . . . . . . Melee 82 | . . . . . . . . . . 45 . . . 37 . Knockbacks 3 | . . . . . . . . . . . . . . 3 . Impact 3 | . . . . . . . . . . . . . . 3 . Kinetic . | . . . . . . . . . . . . . . . . Secondary . | . . . . . . . . . . . . . . . . Self-Inflicted Damage 21 | . . . . . 1 . . . . . . . . 20 . Shots . | . . . . . . . . . . . . . . . . Rammed 12 | . . . . . 1 . . . . . . . . 11 . Targets Rammed 12 | . . . . . 1 . . . . . . . . 11 . Kicked . | . . . . . . . . . . . . . . . . Crushed . | . . . . . . . . . . . . . . . . Highest Temperature 467 | . 8 4 . 92 312 467 39 14 158 . . . . . 244 Average Temperature 94 | . 3 1 . 29 79 187 20 7 59 . . . . . 113 Received Heat Transfer 823 | . . . 6 . 6 72 . . 303 144 135 12 . 145 . Effects 10 | . . . . . . 10 . . . . . . . . . Shutdowns 4 | . . . . . . 4 . . . . . . . . . Energy Bleed 2 | . . . . . . 2 . . . . . . . . . Interference 1 | . . . . . . 1 . . . . . . . . . Matter Decay 1 | . . . . . . 1 . . . . . . . . . Short Circuit 1 | . . . . . . 1 . . . . . . . . . Damage (minor) 1 | . . . . . . 1 . . . . . . . . . Siege Activations . | . . . . . . . . . . . . . . . . Martial Activations . | . . . . . . . . . . . . . . . . Shielding Activations . | . . . . . . . . . . . . . . . . Robots Disrupted . | . . . . . . . . . . . . . . . . Combat Hostiles . | . . . . . . . . . . . . . . . . Robots Corrupted . | . . . . . . . . . . . . . . . . Combat Hostiles . | . . . . . . . . . . . . . . . . Parts Fried . | . . . . . . . . . . . . . . . . Impact Corruptions 1 | . . . . . . . . . . . . . . 1 . Robots Melted . | . . . . . . . . . . . . . . . . Combat Hostiles . | . . . . . . . . . . . . . . . . Parts Melted . | . . . . . . . . . . . . . . . . Heat Transferred 296 | . . . . . . . . . 111 . . . . 185 . Parts Sabotaged . | . . . . . . . . . . . . . . . . Parts Stolen . | . . . . . . . . . . . . . . . . Parts Stripped . | . . . . . . . . . . . . . . . . Power Chain Reactions . | . . . . . . . . . . . . . . . . Alert | -11 -10 -9 -9 -8 -7 -7 -7 -7 -6 -6 -6 -6 -5 -4 -4 ------- Run | Yrd Mat Mat Min Mat Fac Low Low Dat Pro Fac Low Low Fac Fac Ext Maximum Alert Level 1 | . . . . . . . . . . 1 . . . . . Low Security (%) 98 | 100 100 100 100 100 100 . . . . 96 . . 100 100 100 Level 1 1 | . . . . . . . . . . 3 . . . . . Level 2 . | . . . . . . . . . . . . . . . . Level 3 . | . . . . . . . . . . . . . . . . Level 4 . | . . . . . . . . . . . . . . . . Level 5 . | . . . . . . . . . . . . . . . . High Security . | . . . . . . . . . . . . . . . . Max Security . | . . . . . . . . . . . . . . . . Peak Influence 201 | . 75 105 60 100 76 . . . . 201 . . 19 50 19 Initial 201 | . . . 25 11 45 . . . . 201 . . 19 . 19 Average 54 | . 27 69 37 31 44 . . . . 126 . . 2 18 3 Influence Increases 1470 | . 89 115 45 150 46 60 . . 417 343 95 . . 110 . Destroy 0b10 Robot/C 580 | . 60 80 . . . 60 . . 220 120 20 . . 20 . Destroy 0b10 Robot/NC 15 | . . 10 . . . . . . . 5 . . . . . Destroy Leader 82 | . 10 10 . . . . . . 20 42 . . . . . Allied During Kill 51 | . . . . . . . . . 27 24 . . . . . Successful Hack 5 | . 4 . . . 1 . . . . . . . . . . Disable Machine 15 | . . 15 . . . . . . . . . . . . . Destroy Structure 2 | . . . . . . . . . . 2 . . . . . Advance Influence 150 | . . . . . . . . . . 150 . . . . . Partial Spotted 90 | . . . . 30 45 . . . . . . . . 15 . Lose Combat Pursuer 480 | . 15 . 45 120 . . . . 150 . 75 . . 75 . Influence Decreases 1470 | . 89 50 80 80 115 91 . . 334 340 116 33 32 70 40 Entered New Map 238 | . . . 40 19 55 13 . . . 32 32 13 13 . 21 Time Decay 893 | . 30 50 40 51 60 58 . . 204 238 74 20 19 30 19 Lost Part 260 | . . . . 10 . 20 . . 130 50 10 . . 40 . Lost Ally 20 | . . . . . . . . . . 20 . . . . . Purge Threat 59 | . 59 . . . . . . . . . . . . . . Squads Dispatched 7 | . . 1 . 2 . . . . . 2 . . . 2 . Investigation 1 | . . . . . . . . . . 1 . . . . . Extermination 1 | . . . . . . . . . . 1 . . . . . Reinforcement 5 | . . 1 . 2 . . . . . . . . . 2 . Assault . | . . . . . . . . . . . . . . . . Garrison . | . . . . . . . . . . . . . . . . Intercept . | . . . . . . . . . . . . . . . . Searches Triggered . | . . . . . . . . . . . . . . . . Construction Impeded . | . . . . . . . . . . . . . . . . Haulers Reinforced . | . . . . . . . . . . . . . . . . Active Scanning Responses . | . . . . . . . . . . . . . . . . Cargo Convoy Interrupts . | . . . . . . . . . . . . . . . . Stealth | -11 -10 -9 -9 -8 -7 -7 -7 -7 -6 -6 -6 -6 -5 -4 -4 --------- Run | Yrd Mat Mat Min Mat Fac Low Low Dat Pro Fac Low Low Fac Fac Ext Distress Signals 2 | . . . . . . . . . . . . . . 2 . Communications Jammed . | . . . . . . . . . . . . . . . . Distress Signals . | . . . . . . . . . . . . . . . . Times Spotted 105 | . 6 7 3 14 3 3 . . 19 10 17 1 1 17 4 Peak Tracking Total 11 | . 3 4 3 7 2 3 . . 5 5 9 1 1 11 4 Tactical Retreats 14 | . 1 . 1 3 . . . . 3 1 3 . . 2 . Traps | -11 -10 -9 -9 -8 -7 -7 -7 -7 -6 -6 -6 -6 -5 -4 -4 ------- Run | Yrd Mat Mat Min Mat Fac Low Low Dat Pro Fac Low Low Fac Fac Ext Traps Triggered 2 | . 1 . . . . . . . . . . . . . 1 Indirectly . | . . . . . . . . . . . . . . . . Trap Hack Attempts . | . . . . . . . . . . . . . . . . Triggered . | . . . . . . . . . . . . . . . . Disarmed . | . . . . . . . . . . . . . . . . Reprogrammed . | . . . . . . . . . . . . . . . . Reused . | . . . . . . . . . . . . . . . . Traps Extracted . | . . . . . . . . . . . . . . . . Installed . | . . . . . . . . . . . . . . . . Triggered . | . . . . . . . . . . . . . . . . Machines | -11 -10 -9 -9 -8 -7 -7 -7 -7 -6 -6 -6 -6 -5 -4 -4 ---------- Run | Yrd Mat Mat Min Mat Fac Low Low Dat Pro Fac Low Low Fac Fac Ext Machines Disabled 1 | . . 1 . . . . . . . . . . . . . Max in Single Turn 1 | . . 1 . . . . . . . . . . . . . Machines Repaired . | . . . . . . . . . . . . . . . . Machines Dismantled . | . . . . . . . . . . . . . . . . Machines Sabotaged . | . . . . . . . . . . . . . . . . Overloaded Fab Kills . | . . . . . . . . . . . . . . . . Hacking | -11 -10 -9 -9 -8 -7 -7 -7 -7 -6 -6 -6 -6 -5 -4 -4 --------- Run | Yrd Mat Mat Min Mat Fac Low Low Dat Pro Fac Low Low Fac Fac Ext Machines Accessed 10 | . 2 . . 2 1 . . 4 . 1 . . . . . Terminals 3 | . 2 . . 1 . . . . . . . . . . . Fabricators . | . . . . . . . . . . . . . . . . Repair Stations . | . . . . . . . . . . . . . . . . Recycling Units . | . . . . . . . . . . . . . . . . Scanalyzers 2 | . . . . 1 1 . . . . . . . . . . Garrison Access 1 | . . . . . . . . . . 1 . . . . . Total Hacks 33 | . 8 . . 4 2 . . 16 . 3 . . . . . Successful 22 | . 2 . . 2 2 . . 16 . . . . . . . Failed 11 | . 6 . . 2 . . . . . 3 . . . . . Catastrophic 2 | . . . . . . . . . . 2 . . . . . Database Lockouts . | . . . . . . . . . . . . . . . . Manual 3 | . 3 . . . . . . . . . . . . . . Terminals 10 | . 8 . . 2 . . . . . . . . . . . Fabricators . | . . . . . . . . . . . . . . . . Repair Stations . | . . . . . . . . . . . . . . . . Recycling Units . | . . . . . . . . . . . . . . . . Scanalyzers 4 | . . . . 2 2 . . . . . . . . . . Garrison Access 3 | . . . . . . . . . . 3 . . . . . Terminal Hacks 18 | . 2 . . . . . . 16 . . . . . . . Record 2 | . . . . . . . . 2 . . . . . . . Part Schematic 8 | . . . . . . . . 8 . . . . . . . Robot Schematic 3 | . . . . . . . . 3 . . . . . . . Prototype ID Bank 3 | . . . . . . . . 3 . . . . . . . Unreport Threat 1 | . 1 . . . . . . . . . . . . . . Dispatch Records 1 | . 1 . . . . . . . . . . . . . . Fabricator Hacks . | . . . . . . . . . . . . . . . . Repair Station Hacks . | . . . . . . . . . . . . . . . . Recycling Unit Hacks . | . . . . . . . . . . . . . . . . Scanalyzer 4 | . . . . 2 2 . . . . . . . . . . Insert Component 2 | . . . . 1 1 . . . . . . . . . . Analyze 2 | . . . . 1 1 . . . . . . . . . . Garrison Access Hacks . | . . . . . . . . . . . . . . . . Unauthorized Hacks . | . . . . . . . . . . . . . . . . Terminals . | . . . . . . . . . . . . . . . . Fabricators . | . . . . . . . . . . . . . . . . Repair Stations . | . . . . . . . . . . . . . . . . Recycling Units . | . . . . . . . . . . . . . . . . Scanalyzers . | . . . . . . . . . . . . . . . . Garrison Access . | . . . . . . . . . . . . . . . . Data Cores Recovered . | . . . . . . . . . . . . . . . . Used . | . . . . . . . . . . . . . . . . Hacking Detections 5 | . 2 . . 2 . . . . . 1 . . . . . Full Trace Events 3 | . 1 . . 1 . . . . . 1 . . . . . Feedback Events 1 | . . . . 1 . . . . . . . . . . . Corruption 1 | . . . . 1 . . . . . . . . . . . Feedback Blocked . | . . . . . . . . . . . . . . . . Robot Schematics Acquired 3 | . . . . . . . . 3 . . . . . . . Robots Built . | . . . . . . . . . . . . . . . . Authchips . | . . . . . . . . . . . . . . . . Time . | . . . . . . . . . . . . . . . . Total Robot Build Rating . | . . . . . . . . . . . . . . . . Part Schematics Acquired 10 | . . . . 1 1 . . 8 . . . . . . . Parts Built . | . . . . . . . . . . . . . . . . Authchips . | . . . . . . . . . . . . . . . . Time . | . . . . . . . . . . . . . . . . Total Part Build Rating . | . . . . . . . . . . . . . . . . Parts Repaired . | . . . . . . . . . . . . . . . . Time . | . . . . . . . . . . . . . . . . Parts Recycled . | . . . . . . . . . . . . . . . . Recycled Matter . | . . . . . . . . . . . . . . . . Retrieved Matter . | . . . . . . . . . . . . . . . . Retrieved Components . | . . . . . . . . . . . . . . . . Parts Scanalyzed 2 | . . . . 1 1 . . . . . . . . . . Part Schematics Acquired 2 | . . . . 1 1 . . . . . . . . . . Parts Damaged . | . . . . . . . . . . . . . . . . Bothacking | -11 -10 -9 -9 -8 -7 -7 -7 -7 -6 -6 -6 -6 -5 -4 -4 ------------ Run | Yrd Mat Mat Min Mat Fac Low Low Dat Pro Fac Low Low Fac Fac Ext Used RIF Installer . | . . . . . . . . . . . . . . . . Robots Hacked . | . . . . . . . . . . . . . . . . Non-combat . | . . . . . . . . . . . . . . . . Combat . | . . . . . . . . . . . . . . . . Robot Hacks Applied . | . . . . . . . . . . . . . . . . Relay Couplers Released . | . . . . . . . . . . . . . . . . Fabnet Peak Effective % . | . . . . . . . . . . . . . . . . Robots Rewired . | . . . . . . . . . . . . . . . . Allies Hacked . | . . . . . . . . . . . . . . . . Hacks Repelled . | . . . . . . . . . . . . . . . . Allies | -11 -10 -9 -9 -8 -7 -7 -7 -7 -6 -6 -6 -6 -5 -4 -4 -------- Run | Yrd Mat Mat Min Mat Fac Low Low Dat Pro Fac Low Low Fac Fac Ext Total Allies 1 | . . . . . . . . . 1 . . . . . . Largest Group 1 | . . . . . . . . . 1 1 . . . . . Highest-Rated Group 96 | . . . . . . . . . 96 96 . . . . . Highest-Rated Ally 96 | . . . . . . . . . 96 96 . . . . . Total Orders . | . . . . . . . . . . . . . . . . Ally Attacks 33 | . . . . . . . . . 15 18 . . . . . Total Damage 1213 | . . . . . . . . . 510 703 . . . . . Kills 9 | . . . . . . . . . 5 4 . . . . . Allies Corrupted . | . . . . . . . . . . . . . . . . Allies Melted . | . . . . . . . . . . . . . . . . Intel | -11 -10 -9 -9 -8 -7 -7 -7 -7 -6 -6 -6 -6 -5 -4 -4 ------- Run | Yrd Mat Mat Min Mat Fac Low Low Dat Pro Fac Low Low Fac Fac Ext Active Infowar (turns) 999 | . . 17 58 . . . . . 1 511 361 . 19 32 . Structural 75 | . . 17 58 . . . . . . . . . . . . Traps 51 | . . . . . . . . . . . . . 19 32 . ECM 873 | . . . . . . . . . 1 511 361 . . . . Robot Analysis Total . | . . . . . . . . . . . . . . . . Derelict Logs Recovered 5 | . . . . . . 1 2 . 1 . 1 . . . . Drone Launches . | . . . . . . . . . . . . . . . . Drone Recoveries . | . . . . . . . . . . . . . . . . Exploration | -11 -10 -9 -9 -8 -7 -7 -7 -7 -6 -6 -6 -6 -5 -4 -4 ------------- Run | Yrd Mat Mat Min Mat Fac Low Low Dat Pro Fac Low Low Fac Fac Ext Turns Passed 2976 | 42 133 137 99 125 139 211 41 16 443 512 458 58 255 156 151 Spaces Moved 3802 | 37 189 209 229 306 238 476 205 77 522 233 369 115 111 225 261 Core 750 | 1 . . . . . . . . 30 . 60 115 111 172 261 Treads . | . . . . . . . . . . . . . . . . Legs 650 | . . . . . . . . . 108 233 309 . . . . Wheels 87 | 36 51 . . . . . . . . . . . . . . Hover 31 | . . . . . . . . . . . . . . 31 . Flight 2284 | . 138 209 229 306 238 476 205 77 384 . . . . 22 . Fastest Speed 20 | 50 37 31 31 23 20 20 20 20 20 120 50 50 50 35 50 Average Speed 55 | 88 51 31 31 23 20 20 20 20 55 161 113 50 175 47 50 Slowest Speed 250 | 90 90 111 31 25 20 23 20 20 190 190 120 50 250 150 50 Overloaded Moves . | . . . . . . . . . . . . . . . . Propulsion Burnouts . | . . . . . . . . . . . . . . . . Robots Hopped 21 | . 2 . 1 8 3 3 . . 2 . . . . 2 . Potential Cave-ins . | . . . . . . . . . . . . . . . . Cave-ins Triggered . | . . . . . . . . . . . . . . . . Exploration Rate (%) 34 | 3 42 16 65 45 11 59 39 68 74 7 55 32 3 8 26 Regions Visited 15 Branch Regions 8 Pre-discovered Areas 2 | . . . . . . 1 . 1 . . . . . . . Known Exits Taken 3 | . . . . . . . 1 . 1 . . . . 1 . Unknown Exits Taken 12 | 1 1 1 1 1 1 1 . 1 . 1 1 1 1 . . Scrap Searched 5 | . . . 2 . . 2 . . 1 . . . . . . Spaces Dug . | . . . . . . . . . . . . . . . . Terrain Destroyed . | . . . . . . . . . . . . . . . . Melee . | . . . . . . . . . . . . . . . . Projectile . | . . . . . . . . . . . . . . . . AOE . | . . . . . . . . . . . . . . . . Terrain Rammed . | . . . . . . . . . . . . . . . . Walls Destroyed . | . . . . . . . . . . . . . . . . Machines Disabled . | . . . . . . . . . . . . . . . . Actions | -11 -10 -9 -9 -8 -7 -7 -7 -7 -6 -6 -6 -6 -5 -4 -4 --------- Run | Yrd Mat Mat Min Mat Fac Low Low Dat Pro Fac Low Low Fac Fac Ext Total 4473 | 43 214 267 255 351 327 561 204 76 630 331 386 114 172 262 280 Wait 416 | . 10 6 22 41 83 68 . . 50 68 7 . 46 13 2 Move 3746 | 36 184 208 226 289 232 469 204 76 517 232 368 114 110 220 261 Hop 21 | . 2 . 1 8 3 3 . . 2 . . . . 2 . Pick Up 33 | 1 3 16 1 4 3 1 . . 2 . . . . 2 . Fast Attach 46 | 6 3 4 1 1 . 2 . . 7 9 2 . 4 5 2 Attach 29 | . 1 2 . 3 3 1 . . 7 4 . . 5 3 . Detach 18 | . 2 . . . 2 . . . 5 1 . . 7 1 . Swap 22 | . . 6 2 1 . 3 . . 9 1 . . . . . Drop 34 | . 3 15 2 4 1 1 . . 8 . . . . . . Fire 55 | . 6 10 . . . 13 . . 23 . . . . 3 . Melee 27 | . . . . . . . . . . 16 9 . . 2 . Ram 11 | . . . . . . . . . . . . . . 11 . Kick . | . . . . . . . . . . . . . . . . Crush . | . . . . . . . . . . . . . . . . Escape Stasis 15 | . . . . . . . . . . . . . . . 15 Rewire . | . . . . . . . . . . . . . . . . Trap . | . . . . . . . . . . . . . . . . Miscellaneous . | . . . . . . . . . . . . . . . . Route ------- -11/Scrapyard -10/Materials (discovered 2 exits: [*Mat] / [*Min]) -9/Materials -9/Mines -8/Materials -7/Factory -7/Lower Caves -7/Lower Caves (discovered 2 exits: Fac / *Dat) -7/Data Miner -6/Proximity Caves -6/Factory -6/Lower Caves -6/Lower Caves -5/Factory (discovered 2 exits: [*Fac] / [*Upp]) -4/Factory -4/Extension History --------- Turn | Location | Event 18 | -11/Scrapyard | Discovered new exit (range 16) 43 | -11/Scrapyard | Entered Materials 142 | -10/Materials | Discovered new exit (range 8) 173 | -10/Materials | Discovered new exit (range 7) 176 | -10/Materials | Entered another Materials area 176 | -9/Materials | Evolved 2 slots: Propulsion x2 303 | -9/Materials | Discovered new exit (range 7) 313 | -9/Materials | Entered Mines 339 | -9/Mines | Received a Rocket Launcher from a helpful Derelict 406 | -9/Mines | Discovered new exit (range 5) 412 | -9/Mines | Entered Materials 412 | -8/Materials | Evolved 2 slots: Propulsion x2 499 | -8/Materials | Build established: Scavenger-Sprinter 534 | -8/Materials | Discovered new exit (range 15) 537 | -8/Materials | Entered Factory 537 | -7/Factory | Evolved 2 slots: Power x1, Propulsion x1 674 | -7/Factory | Discovered new exit (range 9) 676 | -7/Factory | Entered Lower Caves 733 | -7/Lower Caves | Encountered a Warlord checkpoint 804 | -7/Lower Caves | Attracted the attention of an 0b10 checkpoint 804 | -7/Lower Caves | Learned location of Zion (-6) 874 | -7/Lower Caves | Lost 3 parts (2p1n) 886 | -7/Lower Caves | Discovered new exit (range 4) 887 | -7/Lower Caves | Entered another Lower Caves area 896 | -7/Lower Caves | Encountered a Warlord checkpoint 896 | -7/Lower Caves | Identified exit to Data Miner 926 | -7/Lower Caves | Identified exit to Factory 928 | -7/Lower Caves | Entered Data Miner 928 | -7/Data Miner | Discovered new exit (range 6) 932 | -7/Data Miner | Met Data Miner 936 | -7/Data Miner | Learned location of Section 7 (-3) 939 | -7/Data Miner | Received God Mode back door access code from Data Miner 944 | -7/Data Miner | Entered Proximity Caves 952 | -6/Proximity Caves | Spotted B-75 Beast 958 | -6/Proximity Caves | Attracted the attention of an 0b10 checkpoint 962 | -6/Proximity Caves | Found DCF Scrap (14 items) 1056 | -6/Proximity Caves | Spotter reported a threat 1066 | -6/Proximity Caves | Lost 7 parts (6n1w) 1182 | -6/Proximity Caves | Core integrity fell below 50% 1194 | -6/Proximity Caves | Escorted by Enhanced Grunt 1219 | -6/Proximity Caves | Lost 6 parts (3n1u2w) 1378 | -6/Proximity Caves | Discovered exit to Factory (range 8) 1387 | -6/Proximity Caves | Entered Factory 1387 | -6/Factory | Accompanied by 1 ally 1387 | -6/Factory | Evolved 2 slots: Utility x2 1617 | -6/Factory | Build established: Mutant 1807 | -6/Factory | Discovered new exit (range 5) 1861 | -6/Factory | Lost 3 parts (1p1n1u) 1899 | -6/Factory | Entered Lower Caves 2020 | -6/Lower Caves | Build established: Scavenger-Mutant 2155 | -6/Lower Caves | Attracted the attention of an 0b10 outpost 2201 | -6/Lower Caves | Learned Factory terminal intel 2205 | -6/Lower Caves | Lost 4 parts (3n1u) 2284 | -6/Lower Caves | Lost 3 parts (2p1n) 2344 | -6/Lower Caves | Core integrity fell below 50% 2350 | -6/Lower Caves | Discovered new exit (range 15) 2357 | -6/Lower Caves | Entered another Lower Caves area 2371 | -6/Lower Caves | Spotted B-75 Beast 2412 | -6/Lower Caves | Discovered new exit (range 5) 2415 | -6/Lower Caves | Entered Factory 2415 | -5/Factory | Evolved 2 slots: Utility x2 2416 | -5/Factory | Loaded intel: 23 terminal locations 2466 | -5/Factory | Build established: Mutant 2524 | -5/Factory | Discovered new exit (range 14) 2564 | -5/Factory | Discovered new exit (range 15) 2670 | -5/Factory | Entered another Factory area 2670 | -4/Factory | Evolved 2 slots: Power x1, Weapon x1 2671 | -4/Factory | Identified exit to Extension 2740 | -4/Factory | Core integrity fell below 50% 2743 | -4/Factory | Lost 3 parts (1n1u1w) 2760 | -4/Factory | Core integrity fell below 20% 2804 | -4/Factory | Lost 5 parts (2n1u2w) 2826 | -4/Factory | Entered Extension 2901 | -4/Extension | Spotted B-86 Titan 2977 | -4/Extension | Destroyed by S-27 Virus with Autogun Last Messages --------------- A bubble of rippling energy engulfs the area. Field strength at 94. Field strength at 88. Field strength at 82. Field strength at 76. Field strength at 70. Field strength at 64. Field strength at 58. Field strength at 52. Field strength at 46. Field strength at 40. System corrupted: Heat flow error (+186). Field strength at 34. Field strength at 28. Field strength at 22. Field strength at 16. Field strength at 10. Field strength at 4. Stasis field depleted. [Achievement: Back For More] Map ----- +----------------------------------------------------+ | | | | | | | | | | | | | | | | | | | | | | | | | | | | | | | | | | | | | | | | | | | ???????????????????????????????????????? | | ???????????????????????????????????????? | | ?????????????###############???????????? | | ?????#########! s=s ????????? | | ?????# + @[ s #???????????????? | | ?????#^ # s ????????? | | ?????# # !#####???????????? | | ?????# ###########???????????????? | | ?????# ^ #?????????????????????????? | | ?????# ########??????????????????? | | ?????# "" + #??????????????????? | | ?????# """ # = #??????????????????? | | ?????# T" # [ #??????????????????? | | ?????# """ +* #??????????????????? | | ?????# "" # / #??????????????????? | | ?????# # #??????????????????? | | ?????# #?######??????????????????? | | ?????# #######?????????????????????????? | | ?????# #???????????????????????????????? | | ?????# #???????????????????????????????? | | ?????# #???????????????????????????????? | | ?????# #???????????????????????????????? | | ?????# #???????????????????????????????? | | ?????# #???????????????????????????????? | | ?????# #???????????????????????????????? | | ?????# #???????????????????????????????? | | ?????# #???????????????????????????????? | | ?????# #???????????????????????????????? | | ?????# #???????????????????????????????? | +----------------------------------------------------+ Best States ------------- Heat Dissipation 57 Energy Generation 34 Energy Capacity 515 Matter Stores 300 Matter Capacity 300 Sight Range 16 Terrain Scan Density 10 ECM Strength 2 Additional Mass Support 6 Evasion (%) 66 Core Analysis 6 Recoil Reduction 4 Kinecelleration 40 Offensive Hacking 10 Item Schematics ----------------- Hacking Suite | -8/Materials | Scanalyzed Cesium-ion Thruster | -7/Factory | Scanalyzed Combat Drone Bay | -7/Data Miner | Free Lgt. Regenerative Plating | -7/Data Miner | Free Cld. Aerolev Unit | -7/Data Miner | Free Gravity Neutralizer | -7/Data Miner | Free Gui. EMP Blaster | -7/Data Miner | Free Arm. Medium Treads | -7/Data Miner | Free Adv. System Restoration Module | -7/Data Miner | Free Imp. Arc Projector | -7/Data Miner | Free Robot Schematics ------------------ L-41 Fighter | -7/Data Miner | Free M-28 Smith | -7/Data Miner | Free M-14 Sweeper | -7/Data Miner | Free Fabricated ------------ Nothing Repaired ---------- Nothing Alien Tech Used ----------------- None Achievements -------------- Back For More I'm Back, Baby! Challenges ------------ None Game ------ Seed ShieldUtilityTearclaws Manual? 0 Play Time 00:58:27 Cumulative 24.6 hours Start 2025.08.25 @ 17:52:27 End 2025.08.25 @ 18:51:48 Sessions 1 Manual Loads 0 Difficulty Rogue Special Mode None Game No. 50 Rogue 50 Adventurer 0 Explorer 0 Win Type - Total 0 Types 0/0/0/0/0/0/0/0/0/0 Lore% 9 Gallery% 21 Achievement% 23 Wizard Run 0 Options --------- Layout 1 ASCII 1 Keyboard 0 Movement Numpad Keybinds 0 Fullscreen 1 Font 24/Cog Map View 50x35 Zoom Use 0% Tactical HUD 0 Map Filters NONE Filters NONE Steam 0 RUN: c81cecdd-f57d-4e30-9423-f09609b48954